| TOP OF THE 1ST |
|
Billings Mustangs batting - Pitching for San Francisco (APP) Giants : RHP Kenjyu Watanabe
|
|
Pitching: RHP Kenjyu Watanabe
|
|
|
Batting: RHB Chris Christaldi
|
0-0: Ball 1-0: Called Strike 1-1: Swinging Strike 1-2: Fly out, F8 (Flyball, 8RM, EV 96.2 MPH)
|
|
Batting: RHB Jake Savell
|
0-0: Ball 1-0: SINGLE (Groundball, 25, EV 66.9 MPH) (infield hit)
|
|
Batting: SHB David Garnica
|
0-0: Called Strike Jake Savell steals 2nd, throwing error, E2 Jake Savell to third 0-1: Ball 1-1: Foul Ball, location: 2F 1-2: Ball 2-2: Fly out, F9 (Flyball, 9, EV 88.8 MPH) Runner from 3rd tags up, SCORES, throw by RF
|
|
Batting: RHB Sang-ton Pak
|
0-0: Ball 1-0: Ball 2-0: Foul Ball, location: 2F 2-1: Fly out, F8 (Flyball, 8LM, EV 97.5 MPH)
|
| Top of the 1st over - 1 run, 1 hit, 1 error, 0 left on base; Billings 1 - San Francisco (APP) 0 |
| BOTTOM OF THE 1ST |
|
San Francisco (APP) Giants batting - Pitching for Billings Mustangs : RHP Jeff Buchanan
|
|
Pitching: RHP Jeff Buchanan
|
|
|
Batting: RHB Coen Dirks
|
0-0: Foul Ball, location: 2F 0-1: Fly out, F9 (Flyball, 89M, EV 87.5 MPH)
|
|
Batting: LHB Steve Nevis
|
0-0: Ball 1-0: DOUBLE (Groundball, 3L, EV 101.9 MPH)
|
|
Batting: RHB Troy Trice
|
0-0: Ball 1-0: Ball 2-0: Swinging Strike 2-1: Reached on error, E6 (Groundball, 6, EV 88.8 MPH) Steve Nevis scores
|
|
Batting: LHB Takaaki Nishimoto
|
0-0: Ball 1-0: Ball 2-0: Called Strike 2-1: Swinging Strike 2-2: Foul Ball, location: 2F 2-2: Ball Passed Ball! Troy Trice to third 3-2: Strikes out looking
|
|
Batting: RHB Brian Rogers
|
0-0: Called Strike 0-1: Foul Ball, location: 2F 0-2: Foul Ball, location: 7LSF, Error on foul ball, E7 0-2: Ball 1-2: Ball 2-2: Ball 3-2: 2-RUN HOME RUN (Flyball, 78XD, EV 116.9 MPH), Distance : 464 ft
|
|
Batting: RHB Billy Pranger
|
0-0: Fly out, F7 (Flyball, 7D, EV 98.1 MPH)
|
| Bottom of the 1st over - 3 runs, 2 hits, 2 errors, 0 left on base; Billings 1 - San Francisco (APP) 3 |
| TOP OF THE 2ND |
|
Billings Mustangs batting - Pitching for San Francisco (APP) Giants : RHP Kenjyu Watanabe
|
|
Batting: RHB Yutaka Sato
|
0-0: Ball 1-0: Ball 2-0: Ball 3-0: Base on Balls
|
|
Batting: LHB Armando Arellano
|
0-0: Ball 1-0: Called Strike 1-1: Ball 2-1: Ball Yutaka Sato steals 2nd base 3-1: Foul Ball, location: 2F 3-2: Strikes out swinging
|
|
Batting: SHB Gustavo Froio
|
0-0: Foul Ball, location: 2F 0-1: Ball 1-1: Ball 2-1: Ball 3-1: Foul Ball, location: 2F 3-2: Base on Balls
|
|
Batting: LHB William Matthews
|
0-0: Fly out, F6 (Popup, 6, EV 76.9 MPH)
|
|
Batting: RHB Mario Gomez
|
0-0: Called Strike 0-1: Swinging Strike 0-2: Foul Ball, location: 2F 0-2: Ball 1-2: Strikes out swinging
|
| Top of the 2nd over - 0 runs, 0 hits, 0 errors, 2 left on base; Billings 1 - San Francisco (APP) 3 |
| BOTTOM OF THE 2ND |
|
San Francisco (APP) Giants batting - Pitching for Billings Mustangs : RHP Jeff Buchanan
|
|
Batting: RHB Teruhide Horiuchi
|
0-0: Ground out 3-1 (Groundball, 34, EV 100.6 MPH)
|
|
Batting: RHB Harry Dickson
|
0-0: Called Strike 0-1: SINGLE (Groundball, 25, EV 75.6 MPH) (infield hit)
|
|
Batting: RHB Ed Broomhead
|
0-0: Ball 1-0: Ball 2-0: Ball 3-0: Called Strike 3-1: Foul Ball, location: 2F 3-2: Fly out, F8 (Flyball, 78M, EV 93.8 MPH)
|
|
Batting: RHB Coen Dirks
|
0-0: Called Strike 0-1: Called Strike 0-2: Strikes out looking
|
| Bottom of the 2nd over - 0 runs, 1 hit, 0 errors, 1 left on base; Billings 1 - San Francisco (APP) 3 |
| TOP OF THE 3RD |
|
Billings Mustangs batting - Pitching for San Francisco (APP) Giants : RHP Kenjyu Watanabe
|
|
Batting: RHB Chris Christaldi
|
0-0: Ball 1-0: Ball 2-0: Called Strike 2-1: Swinging Strike 2-2: Foul Ball, location: 2F 2-2: Ball 3-2: Ground out 2-3 (Groundball, 2L, EV 62.5 MPH)
|
|
Batting: RHB Jake Savell
|
0-0: Called Strike 0-1: DOUBLE (Groundball, 5L, EV 98.8 MPH)
|
|
Pinch Runner at 2nd Fred Barbour:
|
|
|
Batting: SHB David Garnica
|
0-0: SINGLE (Groundball, 34D, EV 101.2 MPH) Fred Barbour to third Runner from 3rd tries for Home, SAFE, throw by RF to home
|
|
Batting: RHB Sang-ton Pak
|
0-0: Ball 1-0: Called Strike David Garnica steals 2nd base 1-1: Called Strike 1-2: Foul Ball, location: 2F 1-2: Ball 2-2: Ball Wild Pitch! David Garnica to third 3-2: Foul Ball, location: 2F 3-2: Base on Balls
|
|
Batting: RHB Yutaka Sato
|
0-0: Called Strike 0-1: Ball 1-1: Fly out, F2 (Popup, 2L, EV 85.6 MPH)
|
|
Batting: LHB Armando Arellano
|
0-0: Foul Ball, location: 2F 0-1: Foul Ball, location: 2F 0-2: Ball 1-2: Strikes out looking
|
| Top of the 3rd over - 1 run, 2 hits, 0 errors, 2 left on base; Billings 2 - San Francisco (APP) 3 |
| BOTTOM OF THE 3RD |
|
San Francisco (APP) Giants batting - Pitching for Billings Mustangs : RHP Jeff Buchanan
|
|
Now at 1B: Fred Barbour
|
|
|
Batting: LHB Steve Nevis
|
0-0: Ball 1-0: Swinging Strike 1-1: Ball 2-1: Ground out 5-3 (Groundball, 56S, EV 76.9 MPH)
|
|
Batting: RHB Troy Trice
|
0-0: Ball 1-0: Ball 2-0: Called Strike 2-1: Swinging Strike 2-2: Foul Ball, location: 2F 2-2: Ball 3-2: Base on Balls
|
|
Pitching: RHP Joe Green
|
|
|
Batting: LHB Takaaki Nishimoto
|
0-0: Ball Troy Trice steals 2nd base 1-0: Called Strike 1-1: Foul Ball, location: 2F 1-2: Strikes out swinging
|
|
Batting: RHB Brian Rogers
|
0-0: Ball 1-0: Reached via error on a dropped throw from 1B, E1 (Groundball, 34S, EV 81.9 MPH) Troy Trice to third
|
|
Batting: RHB Billy Pranger
|
0-0: Called Strike 0-1: Foul Ball, location: 2F 0-2: Foul Ball, location: 2F 0-2: DOUBLE (Flyball, 78XD, EV 95.6 MPH) Troy Trice scores Brian Rogers to third
|
|
Batting: RHB Teruhide Horiuchi
|
0-0: Called Strike 0-1: Ground out 4-3 (Groundball, 34D, EV 99.4 MPH)
|
| Bottom of the 3rd over - 1 run, 1 hit, 1 error, 2 left on base; Billings 2 - San Francisco (APP) 4 |
| TOP OF THE 4TH |
|
Billings Mustangs batting - Pitching for San Francisco (APP) Giants : RHP Kenjyu Watanabe
|
|
Batting: SHB Gustavo Froio
|
0-0: Swinging Strike 0-1: Ball 1-1: Ground out 4-3 (Groundball, 4S, EV 82.5 MPH)
|
|
Batting: LHB William Matthews
|
0-0: Foul Ball, location: 2F 0-1: Foul Ball, location: 2F 0-2: DOUBLE (Flyball, 78D, EV 90.6 MPH)
|
|
Batting: RHB Mario Gomez
|
0-0: Ball 1-0: Called Strike 1-1: Ball 2-1: Ball 3-1: Foul Ball, location: 2F 3-2: Fly out, F9 (Flyball, 9, EV 96.2 MPH)
|
|
Batting: RHB Chris Christaldi
|
0-0: Ball 1-0: Called Strike 1-1: Swinging Strike 1-2: Foul Ball, location: 2F 1-2: Foul Ball, location: 2F 1-2: Foul Ball, location: 2F 1-2: Ball 2-2: Ball 3-2: Foul Ball, location: 2F 3-2: Ground out U3 (Groundball, 34, EV 81.2 MPH)
|
| Top of the 4th over - 0 runs, 1 hit, 0 errors, 1 left on base; Billings 2 - San Francisco (APP) 4 |
| BOTTOM OF THE 4TH |
|
San Francisco (APP) Giants batting - Pitching for Billings Mustangs : RHP Joe Green
|
|
Batting: RHB Harry Dickson
|
0-0: Ground out 5-3 (Groundball, 56, EV 87.5 MPH)
|
|
Batting: RHB Ed Broomhead
|
0-0: Called Strike 0-1: Foul Ball, location: 2F 0-2: Ball 1-2: Ground out 5-3 (Groundball, 56S, EV 71.2 MPH)
|
|
Batting: RHB Coen Dirks
|
0-0: Ball 1-0: Foul Ball, location: 2F 1-1: SINGLE (Groundball, 6MD, EV 97.5 MPH)
|
|
Batting: LHB Steve Nevis
|
0-0: SINGLE (Groundball, 5D, EV 106.2 MPH) Coen Dirks to second
|
|
Batting: RHB Troy Trice
|
0-0: Called Strike 0-1: Ball 1-1: TRIPLE (Flyball, 9LD, EV 99.4 MPH) Coen Dirks scores Steve Nevis scores
|
|
Batting: LHB Takaaki Nishimoto
|
0-0: Ball 1-0: Called Strike 1-1: Ball 2-1: 2-RUN HOME RUN (Flyball, 9D, EV 96.9 MPH), Distance : 391 ft
|
|
Batting: RHB Brian Rogers
|
0-0: Ball 1-0: Ball 2-0: Ball 3-0: Called Strike 3-1: Base on Balls
|
|
Batting: RHB Billy Pranger
|
0-0: 2-RUN HOME RUN (Flyball, 7D, EV 98.1 MPH), Distance : 392 ft
|
|
Batting: RHB Teruhide Horiuchi
|
0-0: Fly out, F4 (Popup, 34D, EV 53.8 MPH)
|
| Bottom of the 4th over - 6 runs, 5 hits, 0 errors, 0 left on base; Billings 2 - San Francisco (APP) 10 |
| TOP OF THE 5TH |
|
Billings Mustangs batting - Pitching for San Francisco (APP) Giants : RHP Kenjyu Watanabe
|
|
Pitching: RHP Kyle Rindels
|
|
|
Batting: RHB Fred Barbour
|
0-0: Ball 1-0: Swinging Strike 1-1: Swinging Strike 1-2: Foul Ball, location: 2F 1-2: Foul Ball, location: 2F 1-2: Ball 2-2: Strikes out looking
|
|
Batting: SHB David Garnica
|
0-0: Ball 1-0: Foul Ball, location: 2F 1-1: Swinging Strike 1-2: Foul Ball, location: 2F 1-2: Strikes out swinging
|
|
Batting: RHB Sang-ton Pak
|
0-0: Called Strike 0-1: Swinging Strike 0-2: Strikes out looking
|
| Top of the 5th over - 0 runs, 0 hits, 0 errors, 0 left on base; Billings 2 - San Francisco (APP) 10 |
| BOTTOM OF THE 5TH |
|
San Francisco (APP) Giants batting - Pitching for Billings Mustangs : RHP Joe Green
|
|
Batting: RHB Harry Dickson
|
0-0: Ground out 6-3 (Groundball, 6, EV 86.2 MPH)
|
|
Batting: RHB Ed Broomhead
|
0-0: SINGLE (Groundball, 4MD, EV 106.9 MPH)
|
|
Batting: RHB Coen Dirks
|
0-0: Called Strike 0-1: Fly out, F8 (Flyball, 8RM, EV 83.8 MPH)
|
|
Batting: LHB Steve Nevis
|
0-0: Swinging Strike 0-1: Swinging Strike 0-2: Strikes out swinging
|
| Bottom of the 5th over - 0 runs, 1 hit, 0 errors, 1 left on base; Billings 2 - San Francisco (APP) 10 |
| TOP OF THE 6TH |
|
Billings Mustangs batting - Pitching for San Francisco (APP) Giants : RHP Kyle Rindels
|
|
Batting: RHB Yutaka Sato
|
0-0: SINGLE (Groundball, 4MD, EV 99.4 MPH)
|
|
Batting: LHB Armando Arellano
|
0-0: Foul Ball, location: 2F 0-1: Ball 1-1: Ball 2-1: Reached on error, E4 (Groundball, 4, EV 91.2 MPH) Yutaka Sato to second
|
|
Batting: SHB Gustavo Froio
|
0-0: Foul Ball, location: 2F 0-1: Foul Ball, location: 2F 0-2: Ball 1-2: Strikes out looking
|
|
Batting: LHB William Matthews
|
0-0: Foul Ball, location: 2F 0-1: Hit by Pitch Yutaka Sato to third Armando Arellano to second
|
|
Batting: RHB Mario Gomez
|
0-0: Swinging Strike 0-1: Foul Ball, location: 2F 0-2: DOUBLE (Flyball, 8RD, EV 91.2 MPH) Yutaka Sato scores Armando Arellano scores William Matthews to third
|
|
Batting: RHB Chris Christaldi
|
0-0: Ball 1-0: Ball 2-0: Foul Ball, location: 2F 2-1: Foul Ball, location: 2F 2-2: Strikes out swinging
|
|
Batting: RHB Fred Barbour
|
0-0: Ball 1-0: Ball 2-0: Ball 3-0: Called Strike 3-1: Called Strike 3-2: Foul Ball, location: 2F 3-2: Strikes out swinging
|
| Top of the 6th over - 2 runs, 2 hits, 1 error, 2 left on base; Billings 4 - San Francisco (APP) 10 |
| BOTTOM OF THE 6TH |
|
San Francisco (APP) Giants batting - Pitching for Billings Mustangs : RHP Joe Green
|
|
Batting: RHB Troy Trice
|
0-0: Swinging Strike 0-1: Fly out, F9 (Flyball, 9D, EV 90.6 MPH)
|
|
Batting: LHB Takaaki Nishimoto
|
0-0: SOLO HOME RUN (Flyball, 78XD, EV 101.2 MPH), Distance : 427 ft
|
|
Batting: RHB Brian Rogers
|
0-0: Fly out, F9 (Flyball, 9D, EV 86.2 MPH)
|
|
Batting: RHB Billy Pranger
|
0-0: SINGLE (Line Drive, 78M, EV 90.0 MPH)
|
|
Batting: RHB Teruhide Horiuchi
|
0-0: Called Strike 0-1: Fly out, F8 (Flyball, 8LD, EV 93.1 MPH)
|
| Bottom of the 6th over - 1 run, 2 hits, 0 errors, 1 left on base; Billings 4 - San Francisco (APP) 11 |
| TOP OF THE 7TH |
|
Billings Mustangs batting - Pitching for San Francisco (APP) Giants : RHP Kyle Rindels
|
|
Pitching: RHP Danny MacKinnon
|
|
|
Batting: SHB David Garnica
|
0-0: Called Strike 0-1: Ball 1-1: SINGLE (Groundball, 5S, EV 66.9 MPH) (infield hit)
|
|
Batting: RHB Sang-ton Pak
|
0-0: Foul Ball, location: 2F 0-1: Called Strike David Garnica steals 2nd base (no throw) 0-2: Strikes out looking
|
|
Batting: RHB Yutaka Sato
|
0-0: Ball 1-0: Called Strike David Garnica steals 3rd base 1-1: Foul Ball, location: 2F 1-2: Foul Ball, location: 2F 1-2: SINGLE (Groundball, 6D, EV 105.0 MPH) David Garnica scores
|
|
Batting: LHB Armando Arellano
|
0-0: Ball 1-0: Ball 2-0: Foul Ball, location: 2F 2-1: Foul Ball, location: 2F 2-2: Ball 3-2: Strikes out swinging
|
|
Batting: SHB Gustavo Froio
|
0-0: Ball Passed Ball! Yutaka Sato to second 1-0: Called Strike 1-1: Called Strike 1-2: Ball 2-2: Strikes out swinging
|
| Top of the 7th over - 1 run, 2 hits, 0 errors, 1 left on base; Billings 5 - San Francisco (APP) 11 |
| BOTTOM OF THE 7TH |
|
San Francisco (APP) Giants batting - Pitching for Billings Mustangs : RHP Joe Green
|
|
Batting: RHB Harry Dickson
|
0-0: Called Strike 0-1: Ground out 3-1 (Groundball, 34, EV 83.8 MPH)
|
|
Batting: RHB Ed Broomhead
|
0-0: Ball 1-0: Ground out 3-1 (Groundball, 34S, EV 90.0 MPH)
|
|
Batting: RHB Coen Dirks
|
0-0: Ground out 6-3 (Groundball, 6, EV 100.6 MPH)
|
| Bottom of the 7th over - 0 runs, 0 hits, 0 errors, 0 left on base; Billings 5 - San Francisco (APP) 11 |
| TOP OF THE 8TH |
|
Billings Mustangs batting - Pitching for San Francisco (APP) Giants : RHP Danny MacKinnon
|
|
Batting: LHB William Matthews
|
0-0: Ball 1-0: Ground out 4-3 (Groundball, 4, EV 91.2 MPH)
|
|
Batting: RHB Mario Gomez
|
0-0: Foul Ball, location: 2F 0-1: Ball 1-1: Ball 2-1: Ball 3-1: Swinging Strike 3-2: Base on Balls
|
|
Batting: RHB Chris Christaldi
|
0-0: Called Strike 0-1: Fielders Choice at 2nd, 1-6 (Groundball, 23, EV 63.1 MPH)
|
|
Batting: RHB Fred Barbour
|
0-0: Fly out, F8 (Flyball, 8LXD, EV 90.6 MPH)
|
| Top of the 8th over - 0 runs, 0 hits, 0 errors, 1 left on base; Billings 5 - San Francisco (APP) 11 |
| BOTTOM OF THE 8TH |
|
San Francisco (APP) Giants batting - Pitching for Billings Mustangs : RHP Joe Green
|
|
Batting: LHB Steve Nevis
|
0-0: Called Strike 0-1: Foul Ball, location: 2F 0-2: Strikes out swinging
|
|
Batting: RHB Troy Trice
|
0-0: Called Strike 0-1: Foul Ball, location: 2F 0-2: Ball 1-2: Ball 2-2: Reached on error, E1 (Groundball, 13, EV 70.0 MPH)
|
|
Pitching: RHP Elijah Benton
|
|
|
Batting: LHB Takaaki Nishimoto
|
0-0: Ball 1-0: Ball 2-0: SINGLE (Groundball, 6MD, EV 100.6 MPH) Troy Trice to third
|
|
Batting: RHB Brian Rogers
|
0-0: Foul Ball, location: 2F 0-1: Called Strike 0-2: Ball 1-2: DOUBLE (Groundball, 5L, EV 111.2 MPH) Troy Trice scores Takaaki Nishimoto to third
|
|
Pinch Hitting: RHB Jeremy Bailey
|
0-0: Reached on error, E2 (Groundball, 2R, EV 65.6 MPH) Takaaki Nishimoto scores Brian Rogers scores
|
|
Batting: RHB Teruhide Horiuchi
|
0-0: Ball 1-0: SINGLE (Groundball, 6MD, EV 101.9 MPH) Jeremy Bailey to third Runner from 3rd tries for Home, throw by CF and OUT! 8-2
|
|
Batting: RHB Harry Dickson
|
0-0: Ball Wild Pitch! Teruhide Horiuchi to second 1-0: Ball 2-0: Called Strike 2-1: Ball 3-1: Called Strike 3-2: Foul Ball, location: 2F 3-2: Foul Ball, location: 2F 3-2: Fly out, F3 (Popup, 3F, EV 66.2 MPH)
|
| Bottom of the 8th over - 3 runs, 3 hits, 2 errors, 1 left on base; Billings 5 - San Francisco (APP) 14 |
| TOP OF THE 9TH |
|
Billings Mustangs batting - Pitching for San Francisco (APP) Giants : RHP Danny MacKinnon
|
|
Now at 3B: Pedro Quezada
|
|
|
Batting: SHB David Garnica
|
0-0: Called Strike 0-1: Swinging Strike 0-2: Strikes out swinging
|
|
Batting: RHB Sang-ton Pak
|
0-0: Called Strike 0-1: Ball 1-1: Ground out U3 (Groundball, 3L, EV 100.0 MPH)
|
|
Batting: RHB Yutaka Sato
|
0-0: Ball 1-0: Called Strike 1-1: Ball 2-1: Ball 3-1: Fly out, F8 (Flyball, 8RXD, EV 90.0 MPH)
|
| Top of the 9th over - 0 runs, 0 hits, 0 errors, 0 left on base; Billings 5 - San Francisco (APP) 14 |
|